 Dungeon Crawl Stone Soup version 0.30-b1-2-g02819fbbbe (webtiles) character file.

Game seed: 3880963033930712615

71 Mesmaeker13 the Grave Robber (level 4, -1/33 HPs)
             Began as a Ghoul Necromancer on June 10, 2023.
             Slain by a worm (10 damage)
             ... on level 2 of the Dungeon.
             The game lasted 00:02:10 (1678 turns).

Mesmaeker13 the Grave Robber (Ghoul Necromancer)    Turns: 1678, Time: 00:02:10

Health: -1/33      AC:  2    Str: 11    XL:     4   Next: 24%
Magic:  1/6        EV: 12    Int: 12    God:
Gold:   50         SH:  0    Dex:  9    Spells: 4/8 levels left

rFire   . . .        (no weapon)
rCold   + . .        (no shield)
rNeg    + + +        a - +0 robe
rPois   ∞            (no helmet)
rElec   .            (no cloak)
rCorr   +            (no gloves)
SInv    .            (no boots)
Will    .....        (no amulet)
Stlth   ++           c - ring of resist corrosion
HPRegen 0.00/turn    (no ring)
MPRegen 0.10/turn

%: no passive effects
@: inhibited regen
A: claws 1, cold resistance 1, negative energy resistance 3, inhibited
regeneration, torment resistance 2, devour on kill
a: no special abilities


You were on level 2 of the Dungeon.
You visited 1 branch of the dungeon, and saw 2 of its levels.

You collected 50 gold pieces.

Inventory:

Missiles
 d - 5 poisoned darts
Armour
 a - a +0 robe (worn)
Jewellery
 c - a ring of resist corrosion (left claw)
Scrolls
 g - a scroll of immolation {unknown}
 h - 2 scrolls of identify {unknown}
 i - a scroll of torment {unknown}
Potions
 b - a potion of magic
 e - 3 potions of haste {unknown}
 f - a potion of lignification {unknown}


   Skills:
 + Level 2.6 Dodging
 - Level 2.1 Stealth
 + Level 2.5 Spellcasting
 + Level 4.6 Necromancy


You had 4 spell levels left.
You knew the following spells:

 Your Spells              Type           Power      Damage    Failure   Level
a - Necrotise             Necr           48%        1d6       4%          1
b - Vampiric Draining     Necr           12%        2d6       12%         3

Your spell library contained the following spells:

 Spells                   Type           Power      Damage    Failure   Level
 Blink                    Tloc           2%         N/A       36%         2
 Lesser Beckoning         Tloc           2%         N/A       36%         2
 Momentum Strike          Conj/Tloc      2%         3d8       36%         2
 Animate Dead             Necr           12%        N/A       36%         4
 Agony                    Necr           12%        N/A       73%         5


Dungeon Overview and Level Annotations

Branches:
Dungeon (2/15)

Altars:


Innate Abilities, Weirdness & Mutations

You are immune to poison.
You have sharp fingernails.
Your flesh is cold resistant. (rC+)
You are immune to negative energy. (rN+++)
You do not regenerate when monsters are visible.
You are immune to unholy pain and torment.
You thrive by killing the living.


Message History

The worm bites you.
You scratch the worm.
The worm is moderately wounded.
The worm barely misses you.
You scratch the worm.
The worm is heavily wounded.
You barely miss the worm. You claw the worm, but do no damage.
The worm is heavily wounded.
The worm bites you.
You barely miss the worm.
The worm is heavily wounded.
You barely miss the worm.
The worm is heavily wounded.
The worm misses you.
You barely miss the worm.
The worm is moderately wounded.
The worm bites you.
You scratch the worm but do no damage.
The worm is moderately wounded.
You scratch the worm.
The worm is severely wounded.
The worm barely misses you.
You scratch the worm.
The worm is severely wounded.
You scratch the worm.
The worm is almost dead.
The worm bites you.
You barely miss the worm.
The worm is severely wounded.
The worm bites you.
* * * LOW HITPOINT WARNING * * *
You scratch the worm.
The worm is almost dead.
Casting: Necrotise (safe; 4% risk of failure)
Confirm with . or Enter, or press ? or * to list all spells.
Aiming: Necrotise (safe; 4% risk of failure)
Press: ? - help, Shift-Dir - straight line, f/p - worm
Aim: a worm (almost dead, chance to affect: 75%)
The worm struggles to resist.
The worm bites you!
You die...

### ..# ### ..# ..#
..### #.##### ....#
#.....#
..#.#####.###.#######
..#..>.......!.w@...#
..######.)####†###.##
### #...# #.....#
#..#..# ........#
#>###.........#.. #..
..........# ...#
............ .##
...........##
............#


You could see a worm.

Vanquished Creatures
  3 adders (D:2)
  2 worms (D:2)
  2 bats (D:1)
  A giant cockroach (D:1)
  3 goblins (D:1)
  3 hobgoblins (D:1)
  2 jackals (D:1)
  4 kobolds
  3 quokkas
  9 ball pythons
  2 frilled lizards (D:1)
  3 rats
37 creatures vanquished.

Vanquished Creatures (others)
  A plant (D:2)
1 creature vanquished.

Grand Total: 38 creatures vanquished

Notes
Turn   | Place    | Note
-------+----------+-------------------------------------------
     0 | D:1      | Mesmaeker13 the Ghoul Necromancer began the quest for the
                  | Orb.
     0 | D:1      | Reached XP level 1. HP: 14/14 MP: 2/2
   189 | D:1      | Reached XP level 2. HP: 20/20 MP: 0/4
   662 | D:1      | Found a faded altar of an unknown god.
   830 | D:1      | Reached XP level 3. HP: 26/26 MP: 2/5
  1344 | D:2      | Learned a level 3 spell: Vampiric Draining
  1609 | D:2      | Reached XP level 4. HP: 26/33 MP: 4/6
  1678 | D:2      | Slain by a worm

Illustrated notes

Levels and vault maps discovered:
D:1:      dpeg_arrival_line_fractal, layout_basic,
          hellmonk_ecumenical_altar_zigzags, serial_rivers,
          chequers_serial_rivers_small_b, chequers_serial_rivers_marsh,
          chequers_serial_rivers_small_b, chequers_serial_rivers_large_b,
          palyth_stone_intersect
D:2:      layout_rooms, serial_bayou_pond_e

Skill      XL: |  1 |
---------------+----+-----
Dodging        | 2 |  2.6
Spellcasting   | 2 |  2.5
Stealth        | |  2.1
Necromancy     | |  4.6

Action                     |  1- 3 |  4- 6 || total
---------------------------+-------+-------++-------
  Melee: Unarmed           |    38 |    20 ||    58
         Punch             |       |     1 ||     1
   Cast: Necrotise         |    60 |     9 ||    69
 Armour: Robe              |    11 |     2 ||    13
  Dodge: Dodged            |    30 |     7 ||    37
